[Event "*** Titled Tuesday Blitz"]
[Site "Chess.com"]
[Date "2019.07.02"]
[Round "3"]
[White "DrVitman"]
[Black "ram1zan"]
[Result "1/2-1/2"]
[WhiteElo "2700"]
[BlackElo "2779"]
[TimeControl "180+2"]
[EndTime "13:43:13 PDT"]
[Termination "Game drawn by agreement"]

1. e4 d5 2. exd5 Nf6 3. Bb5+ Nbd7 4. d4 g6 5. Nf3 Bg7 6. c4 O-O 7. Nc3 Nb6 8. Qb3 a6 9. Ba4 e6 10. dxe6 Bxe6 11. d5 Bf5 12. Be3 Ng4 13. Bxb6 cxb6 14. O-O Rc8 15. Rad1 Qd6 16. h3 Ne5 17. Nxe5 Bxe5 18. Rfe1 Rc7 19. Ne4 Bxe4 20. Rxe4 Rfc8 21. Rde1 Bf6 22. Qd3 Bxb2 23. Bb3 Bf6 24. Re8+ Kg7 25. Rxc8 Rxc8 26. g3 Bb2 27. Kg2 Qf6 28. Qf3 Qd6 29. Qe3 Rc7 30. Re2 Bf6 31. h4 h5 32. Qf3 Bd4 33. Re4 Bc5 34. Qf4 Qxf4 35. Rxf4 Re7 36. Kf1 Kf8 37. Bc2 f5 38. Rf3 Ke8 39. Rd3 Kd7 40. Rd2 Rf7 41. Re2 Rf6 42.
Ba4+ Kc7 43. Re6 Rxe6 44. dxe6 Kd6 45. Be8 Kxe6 46. Bxg6 Ke5 47. Bxh5 f4 48. g4 f3 49.
Bf7 Kf4 50. g5 Bd4 51. Bd5 Kg4 52. g6 a5 53. Bxb7 Kxh4 54. Bxf3 Kg5 55. Be4 Kf4 56. f3 Kg5 57. Ke2 Kf6 58. f4 Bc5 59. Kf3 Bd4 60.
Bd3 Bc5 61. a4 Bd4 62. Ke4 Bc5 63. Kd5 Be3 64. f5 Bc5 65. Kc6 Be3 66. Kd7 Bd4 67. Be4 Be3 68. Kd6 Bc5+ 69. Kd5 Be3 70. Bc2 Bc5 71. Kc6 Be3 72. Kd7 Bd4 73. Ke8 Bc5 74. Bd3 Kg7 75. Kd7 Kf6 76. Kc6 Be3 77. Kd5 Bc5 78. g7 Kxg7 79. Ke5 Kf8 80. f6 Bg1 81. Be4 Bc5 82. Bd5 Bg1 83. Ke6 Bc5 84. Kd7 Bg1 85. f7 Bc5 1/2-1/2

[Event "*** Titled Tuesday Blitz"]
[Site "Chess.com"]
[Date "2019.07.02"]
[Round "3"]
[White "Angry_Twin"]
[Black "SalgadoChess91"]
[Result "1/2-1/2"]
[WhiteElo "2808"]
[BlackElo "2834"]
[TimeControl "180+2"]
[EndTime "13:43:14 PDT"]
[Termination "Game drawn by repetition"]

1. d4 Nf6 2. c4 e6 3. Nf3 d5 4.
Nc3 dxc4 5. e4 Bb4 6. Bg5 h6 7.
Bxf6 Qxf6 8. Bxc4 O-O 9. O-O Rd8 10. e5 Qe7 11. Ne4 Bd7 12. a3 Ba5 13. Nc5 Bc6 14.
b4 Bb6 15. Qd3 Bxc5 16. bxc5 Bxf3 17. Qxf3 Nc6 18. Rfd1 Nxd4 19. Qxb7 Qxc5 20. Rac1 Qxe5 21. Bf1 c5 22. Qa6 Qc7 23. Qa4 Qd6 24. Qa5 Qb6 25. Qc3 Rac8 26. h4 h5 27. Bc4 g6 28. Qe3 Qd6 29. Qg5 Kg7 30. Bf1 e5 31. Bc4 e4 32.
Qe3 Qe5 33. Re1 Re8 34. Qc3 Nf5 35. Qh3 Rcd8 36. Qb3 Re7 37. g3 Rd2 38. Red1 Rxd1+ 39. Rxd1 e3 40. Qd3 Nxg3 41. Qxe3 Qxe3 42. fxe3 Nf5 43. Rd5 Nxe3 44. Rxc5 Nxc4 45. Rxc4 Re5 46. Ra4 a5 47. Kf2 Rf5+ 48. Kg3 Kf6 49. Rc4 Ke6 50. a4 Kd5 51.
Rc7 Kd4 52. Rc6 Ke3 53. Rc3+ Kd4 54. Rc6 f6 55. Kg2 g5 56. Kg3 g4 57. Kg2 Kd3 58.
Rb6 Kc4 59. Kg1 Rd5 60. Rxf6 Kb4 61. Rf4+ Kb3 62. Kg2 Rc5 63. Re4 Rc2+ 64. Kg3 Rc3+ 65. Kg2 Rc4 66. Re5 Kxa4 67. Rxh5 Kb4 68. Rh8 a4 69.
Rb8+ Kc3 70. Ra8 Kb3 71. h5 Rc3 72. Rb8+ Ka2 73. Rb4 a3 74. h6 Rh3 75. Rb6 Ka1 76. Kf2 a2 77. Kg2 Rxh6 78. Rxh6 Kb2 79. Rb6+ Kc2 80.
Rc6+ Kb2 81. Rb6+ Kc2 82. Rc6+ Kb2 83. Rb6+ 1/2-1/2

[Event "*** Titled Tuesday Blitz"]
[Site "Chess.com"]
[Date "2019.07.02"]
[Round "3"]
[White "Walter_White_Poland"]
[Black "Th3ChessViking"]
[Result "1/2-1/2"]
[WhiteElo "2301"]
[BlackElo "2450"]
[TimeControl "180+2"]
[EndTime "13:43:28 PDT"]
[Termination "Game drawn by repetition"]

1. Nf3 d5 2. c4 c6 3. e3 Nf6 4. Nc3 Bg4 5. Qb3 Qb6 6. Ne5 Be6 7. Qxb6 axb6 8. d4 Nbd7 9. cxd5 Nxd5 10. Nxd7 Kxd7 11. Nxd5 Bxd5 12. f3 Rxa2 13. Rxa2 Bxa2 14. Bd2 g6 15. Bd3 Bg7 16. Ke2 e5 17. Ra1 Be6 18.
Ra7 Kc7 19. dxe5 Bxe5 20. Bc3 Bxc3 21. bxc3 b5 22. h4 Bb3 23. Ra3 Be6 24. g4 h5 25.
g5 Rd8 26. f4 Kb6 27. e4 Bc4 28. Bxc4 bxc4 29. Ra4 Kc5 30. Ra5+ Kb6 31. Re5 Kc7 32. f5 Kd6 33. Ra5 Re8 34. Kf3 Re5 35. Ra7 Rb5 36. fxg6 fxg6 37. Ra8 Re5 38. Rd8+ Kc5 39. Rf8 Re6 40.
Rf6 Kd6 41. Rf7 b5 42. Kf4 Kc5 43. Rf6 Kd6 44. e5+ Kd5 45. Rf7 Rxe5 46. Rd7+ Ke6 47. Rc7 Rc5 48. Rg7 b4 49. cxb4 Rb5 50. Rxg6+ Kd5 51.
Rg8 c3 52. Ke3 Rxb4 53. Kd3 Rxh4 54. Kxc3 Rg4 55. g6 Kc5 56. g7 h4 57. Rh8 Rg3+ 58. Kc2 Rxg7 59. Rxh4 Rg3 60. Rf4 Kb5 61. Rh4 c5 62.
Rf4 Rg2+ 63. Kc3 Ra2 64. Rh4 Ra3+ 65. Kb2 Rd3 66. Kc2 Rg3 67. Rf4 Rg8 68. Kc3 Ra8 69.
Kb3 Rg8 70. Rh4 Rg2 71. Kc3 Rg1 72. Rf4 Rb1 73. Rh4 Ra1 74. Kb3 Rf1 75. Rg4 Rf3+ 76. Kc2 c4 77. Rg8 Rf2+ 78. Kc3 Rf3+ 79. Kc2 Rf2+ 80. Kc3 Rf3+ 81. Kc2 1/2-1/2

[Event "*** Titled Tuesday Blitz"]
[Site "Chess.com"]
[Date "2019.07.02"]
[Round "3"]
[White "Galileo22"]
[Black "SmoothAsAHedgehog"]
[Result "0-1"]
[WhiteElo "2351"]
[BlackElo "2608"]
[TimeControl "180+2"]
[EndTime "13:43:33 PDT"]
[Termination "SmoothAsAHedgehog won by checkmate"]

1. d4 Nf6 2. Nf3 e6 3. e3 c5 4. Bd3 b6 5. O-O Bb7 6. Nbd2 Be7 7. c3 cxd4 8. cxd4 d6 9. e4 Nbd7 10. Re1 O-O 11. b3 a6 12. Bb2 b5 13. Nf1 Qb6 14. Ng3 Rac8 15. Qd2 Qa7 16. Rad1 Qa8 17. Qe2 Rfd8 18. Nd2 Nf8 19. f3 Ng6 20. Qf2 Nf4 21. Bb1 a5 22. a3 b4 23. a4 Ba6 24. Ndf1 h5 25. Ne3 Rc7 26. Kh1 Rdc8 27. Ngf1 Ng6 28. Nd2 Nf4 29. Ndc4 Bb7 30. Nb6 Qa7 31. Nxc8 Rxc8 32.
g3 Ng6 33. Kg1 h4 34. Rc1 Rxc1 35. Rxc1 hxg3 36. hxg3 Bd8 37. Kg2 Bb6 38. Qd2 Nh5 39. Rh1 Nf6 40. Nc4 Bd8 41. Nxd6 Ba8 42. Nc4 Bc7 43. Qf2 Qb8 44. e5 Nd5 45. Be4 Nde7 46.
Kg1 Nd5 47. Qh2 Kf8 48. Qh7 Nde7 49. Bc1 Bxe4 50. fxe4 Qb7 51. Be3 Qxe4 52. Qh2 Qb1+ 53. Kg2 Qxb3 54. Rc1 Qa2+ 55. Kh3 Qxa4 56. Qg2 Kg8 57.
Kh2 Nf5 58. Bf2 b3 59. Nb2 Qa2 60. Rxc7 Qxb2 61. Rc8+ Kh7 62. Rb8 a4 63. Be1 Qxd4 64. Rb4 Qxe5 65. Bf2 b2 66. Bg1 a3 67. Rb3 Qe1 68. Rxa3 b1=Q 69. Rf3 Qee4 70. Qh3+ Nh6 71. Qg2 Qbb7 72. Rf2 Qxg2+ 73. Rxg2 Ng4+ 74. Kh3 f5 75. Bd4 Qe4 76. Ba7 Qe1 77. Rg1 Qe2 78. Rg2 Qf1 79.
Bg1 N6e5 80. Bh2 Qh1 81. Ra2 Nf3 82. Rg2 Ngxh2 83. Rg1 Qxg1 84. g4 Qxg4# 0-1

[Event "*** Titled Tuesday Blitz"]
[Site "Chess.com"]
[Date "2019.07.02"]
[Round "3"]
[White "dcremisi"]
[Black "JozefKneht"]
[Result "1/2-1/2"]
[WhiteElo "2247"]
[BlackElo "2342"]
[TimeControl "180+2"]
[EndTime "13:43:39 PDT"]
[Termination "Game drawn by stalemate"]

1. Nf3 d5 2. d4 Nf6 3. c4 e6 4. Nc3 Be7 5. cxd5 exd5 6. Bg5 O-O 7. e3 c6 8. Bd3 Nbd7 9. O-O Re8 10. Qc2 Nf8 11.
Ne5 Ng4 12. Bxe7 Rxe7 13. Nxg4 Bxg4 14. f3 Bh5 15. Rae1 Bg6 16. Bxg6 Nxg6 17. Qf2 Qd7 18. e4 Nf4 19. exd5 Rxe1 20. Qxe1 Nxd5 21. Qd2 Rd8 22. Re1 Nf6 23. Ne4 Qxd4+ 24. Qxd4 Rxd4 25. Nxf6+ gxf6 26. Re2 Kg7 27. Kf2 f5 28. Ke1 Kf6 29. Re8 Rd7 30. Ra8 a6 31. Rb8 Ke5 32. Ke2 f4 33. Rh8 f6 34. Re8+ Kf5 35. Rb8 Rg7 36.
Kf2 Rc7 37. Ke2 c5 38. Kf2 c4 39. Ke2 Re7+ 40. Kf2 Rc7 41. Ke2 b5 42. Rb6 Re7+ 43. Kd2 Rg7 44. Rxa6 Rxg2+ 45. Kc3 Rf2 46. Ra5 Rxf3+ 47.
Kb4 Rf2 48. Rxb5+ Kg4 49. Kxc4 f3 50. a4 Rc2+ 51. Kd3 f2 52. Rb4+ Kf3 53. Kxc2 f1=Q 54. a5 Qa6 55. Ra4 Qc6+ 56. Kb3 Qb5+ 57. Ka3 Qa6 58.
b4 Ke3 59. b5 Qxb5 60. a6 Qc5+ 61. Kb3 Qa7 62. Kc4 f5 63. Kb5 f4 64. Ra3+ Kd4 65. Ra4+ Ke5 66. Kc4 f3 67. Kd3 f2 68.
Ke2 Kd5 69. Kf1 Kc5 70. Ra2 Kb5 71. Rb2+ Kc4 72. Rxf2 Qxa6 73. Kg2 Kd4 74. Rf3 Qe2+ 75. Kg3 Ke4 76. Rf2 Qe3+ 77. Kg2 Qg5+ 78. Kf1 Qh4 79. Kg2 Qg4+ 80. Kf1 Ke3 81. Rf8 Qc4+ 82. Kg2 Qa2+ 83.
Kg3 Qe6 84. Rf3+ Ke4 85. Rf4+ Ke5 86. Rf3 Qg6+ 87. Kf2 h5 88. Rg3 Qf5+ 89. Kg2 Ke4 90. Ra3 Qd7 91. Rg3 h4 92. Rg5 Qd2+ 93. Kh3 Qxg5 1/2-1/2

[Event "*** Titled Tuesday Blitz"]
[Site "Chess.com"]
[Date "2019.07.02"]
[Round "3"]
[White "StephenDedalus83"]
[Black "VishnuPrasanna"]
[Result "0-1"]
[WhiteElo "2802"]
[BlackElo "2817"]
[TimeControl "180+2"]
[EndTime "13:43:57 PDT"]
[Termination "VishnuPrasanna won by resignation"]

1. e4 c5 2. Nf3 d6 3. d4 cxd4 4. Nxd4 Nf6 5. Nc3 a6 6. g3 e5 7. Nde2 Be6 8. Bg2 Nbd7 9. O-O Be7 10. a4 Rc8 11. h3 h5 12. Be3 Nf8 13. a5 Qd7 14.
Kh2 h4 15. g4 Ng6 16. Na4 Bd8 17. Nb6 Bxb6 18. Bxb6 d5 19. exd5 Nxd5 20. Bxd5 Bxd5 21. Nc3 Bc6 22. Qxd7+ Kxd7 23. Rad1+ Ke6 24. Rd2 Rhf8 25.
Rfd1 f6 26. Rd6+ Kf7 27. Be3 Rfe8 28. R1d2 Ne7 29. Kg1 g5 30. Bb6 Ng6 31. Be3 Re6 32.
Rxe6 Kxe6 33. Na2 Be4 34. Nb4 Ne7 35. c3 Nd5 36. Nxd5 Bxd5 37. Bb6 Rc4 38. Rd3 Ra4 39.
Rd1 Ra2 40. b4 Rc2 41. Bc5 Rxc3 42. Kh2 Rc2 43. Kg1 Rb2 44. Kh2 Rb3 45. Re1 Bc6 46. Rd1 Bd5 47. Re1 Rd3 48. Rc1 Bc6 49. Re1 Kd5 50. Rc1 Ke4 51. Re1+ Kf4 52. Be3+ Kf3 53. Bc5 Rd2 54. Re3+ Kf4 55. Re1 Rc2 56. Rd1 e4 57.
Be3+ Ke5 58. Bd4+ Ke6 59. Bc5 Bd5 60. Re1 f5 61. gxf5+ Kxf5 62. Rd1 Be6 63. Rd8 g4 64. Rf8+ Ke5 65. hxg4 Bxg4 66. Rh8 h3 67. Kg3 Bf5 68. Re8+ Kd5 69. Rd8+ Kc4 70. Rh8 Rc3+ 71. Kf4 Rf3+ 72. Ke5 Kd3 73. Rh4 Ke2 74. Rh8 Kf1 75. Be3 Bd7 76.
Rh7 Bc6 77. Rh8 Kg2 78. Rg8+ Kh1 79. Rg7 Rf8 80. Rg6 Bb5 81. Kxe4 Bc6+ 82. Ke5 Bf3 83.
Bc5 Rh8 84. Kf4 Bg2 85. Kg3 Rd8 86. f4 Rd3+ 87. Kh4 Rf3 88. Kg4 h2 89. f5 Rf1 90.
f6 Be4 91. Rh6 Kg2 92. Kg5 h1=Q 93. Rxh1 Kxh1 94. Be7 Kg2 95. Kh6 Bd5 96. Kg7 Kh3 0-1

[Event "*** Titled Tuesday Blitz"]
[Site "Chess.com"]
[Date "2019.07.02"]
[Round "4"]
[White "checkmatequen"]
[Black "IveBeenThroughPain"]
[Result "1-0"]
[WhiteElo "2231"]
[BlackElo "2301"]
[TimeControl "180+2"]
[EndTime "13:46:09 PDT"]
[Termination "checkmatequen won by resignation"]

1. e4 e5 2. Nf3 Nc6 3. Bb5 a6 4. Ba4 Nf6 5. d3 Be7 6. Bxc6 dxc6 7. Nxe5 Bd6 8. Nf3 Bg4 9. O-O O-O 10. h3 Bxf3 11.
Qxf3 Nd7 12. Bf4 Be5 13. Nc3 Qf6 14. Bxe5 Qxf3 15. gxf3 Nxe5 16. f4 g5 17. fxe5 1-0

[Event "*** Titled Tuesday Blitz"]
[Site "Chess.com"]
[Date "2019.07.02"]
[Round "4"]
[White "IMRosen"]
[Black "petrpalachev"]
[Result "1-0"]
[WhiteElo "2583"]
[BlackElo "2761"]
[TimeControl "180+2"]
[EndTime "13:46:13 PDT"]
[Termination "IMRosen won by resignation"]

1. d4 d5 2. Bf4 Nf6 3. e3 c5 4. Nf3 Nc6 5. Nbd2 Qb6 6. dxc5 Qxb2 7. Rb1 Qc3 8. Bb5 g6 9. O-O Bg7 10. Nb3 O-O 11. Nfd4 e5 12. Ne2 Qa5 13. Nxa5 1-0

[Event "*** Titled Tuesday Blitz"]
[Site "Chess.com"]
[Date "2019.07.02"]
[Round "4"]
[White "x-3738459472"]
[Black "Gogolev_Artemy"]
[Result "1-0"]
[WhiteElo "2602"]
[BlackElo "2429"]
[TimeControl "180+2"]
[EndTime "13:47:28 PDT"]
[Termination "x-3738459472 won by resignation"]

1. e4 c5 2. Nc3 Nc6 3. Bb5 Nd4 4. Bc4 g6 5. Nf3 Bg7 6. O-O e6 7. Nxd4 cxd4 8. Nb5 d6 9. c3 Nf6 10. Re1 dxc3 11.
dxc3 O-O 12. Nxd6 Qc7 13. e5 Nd7 14. f4 Rd8 15. Qb3 Nxe5 16. fxe5 Bxe5 17. Rxe5 Qxd6 18. Bf4 1-0

[Event "*** Titled Tuesday Blitz"]
[Site "Chess.com"]
[Date "2019.07.02"]
[Round "4"]
[White "Blitzstream"]
[Black "Micki-taryan"]
[Result "0-1"]
[WhiteElo "2782"]
[BlackElo "2961"]
[TimeControl "180+2"]
[EndTime "13:47:48 PDT"]
[Termination "Micki-taryan won by resignation"]

1. d4 Nf6 2. Bg5 e6 3. e4 h6 4. Bxf6 Qxf6 5. c3 d6 6. Bd3 Nd7 7. Ne2 Qd8 8. O-O g6 9. f4 Bg7 10. f5 exf5 11. exf5 g5 12. Ng3 Nf6 13. Re1+ Kf8 14.
Nh5 c5 15. Nd2 cxd4 16. Nxg7 Kxg7 17. cxd4 Qb6 18. Nb3 Bd7 19. Qd2 a5 20. Qf2 a4 21.
Nc1 Rhe8 22. Rd1 Ng4 23. f6+ Kf8 24. Qg3 Qxd4+ 0-1

[Event "*** Titled Tuesday Blitz"]
[Site "Chess.com"]
[Date "2019.07.02"]
[Round "4"]
[White "StephenDedalus83"]
[Black "Alex_Molchanov"]
[Result "1-0"]
[WhiteElo "2806"]
[BlackElo "2571"]
[TimeControl "180+2"]
[EndTime "13:48:03 PDT"]
[Termination "StephenDedalus83 won by checkmate"]

1. e4 c6 2. d4 d5 3. e5 Bf5 4. h4 h5 5. Bd3 Bxd3 6. Qxd3 e6 7.
Bg5 Be7 8. Nf3 Nh6 9. Nc3 Nf5 10. Ne2 c5 11. c3 cxd4 12. cxd4 Qa5+ 13. Kf1 Qa6 14.
Qd2 Nc6 15. Bxe7 Ncxe7 16. g3 Rc8 17. Kg2 O-O 18. Nf4 g6 19. b3 Qb6 20. Rhd1 Rc6 21.
Nxh5 gxh5 22. Qg5+ Ng7 23. g4 hxg4 24. Nh2 Nf5 25. Nxg4 Rfc8 26. h5 Qd8 27. Nf6+ Kh8 28. h6 Ne8 29. Qg8# 1-0

[Event "*** Titled Tuesday Blitz"]
[Site "Chess.com"]
[Date "2019.07.02"]
[Round "4"]
[White "TBergh98"]
[Black "ENEASZ"]
[Result "0-1"]
[WhiteElo "2273"]
[BlackElo "2498"]
[TimeControl "180+2"]
[EndTime "13:48:03 PDT"]
[Termination "ENEASZ won by resignation"]

1. d4 d5 2. Nf3 Nf6 3. Bf4 c5 4.
c3 Nc6 5. e3 Qb6 6. Qc1 Nh5 7.
Bg3 Nxg3 8. hxg3 Bf5 9. Nbd2 e6 10. Be2 h6 11. O-O Be7 12. a3 c4 13. Re1 Bh7 14.
Bf1 f5 15. Be2 O-O 16. Bd1 g5 17. Bc2 g4 18. Nh2 h5 19. Rb1 Qc7 20. b4 Kg7 21. a4 Bg6 22. a5 Rh8 23. f3 Qxg3 24. fxg4 hxg4 25. Ndf1 Qh4 26. g3 Qh3 27. Qd2 Bd6 28.
Qg2 Qxg2+ 29. Kxg2 Rh3 30. Ra1 Rah8 31. b5 Ne7 32. b6 a6 33. Re2 Bxg3 34. Nxg3 Rxh2+ 35. Kf1 Rxe2 36. Kxe2 Rh2+ 37. Kd1 Rg2 38. Nf1 g3 39. Rc1 Bh5+ 40. Ke1 Re2+ 41. Kd1 g2 0-1

[Event "*** Titled Tuesday Blitz"]
[Site "Chess.com"]
[Date "2019.07.02"]
[Round "4"]
[White "andrzej"]
[Black "xdb"]
[Result "1-0"]
[WhiteElo "2323"]
[BlackElo "2217"]
[TimeControl "180+2"]
[EndTime "13:48:34 PDT"]
[Termination "andrzej won by resignation"]

1. d4 d5 2. c4 e6 3. Nc3 Nf6 4. cxd5 exd5 5. Bg5 c6 6. e3 Be7 7. Bd3 O-O 8. Nge2 Nbd7 9. O-O Re8 10. f3 b5 11. a3 Nb6 12. e4 dxe4 13. fxe4 Ng4 14. Bf4 Bg5 15. Qd2 h6 16. h3 Bxf4 17. Qxf4 Nf6 18.
e5 Nbd5 19. Nxd5 Nxd5 20. Qxf7+ Kh8 21. Qg6 1-0

[Event "*** Titled Tuesday Blitz"]
[Site "Chess.com"]
[Date "2019.07.02"]
[Round "4"]
[White "Saitama_Hero"]
[Black "timator"]
[Result "0-1"]
[WhiteElo "2245"]
[BlackElo "2414"]
[TimeControl "180+2"]
[EndTime "13:48:55 PDT"]
[Termination "timator won by resignation"]

1. e4 c5 2. Nc3 d6 3. g3 g6 4. Bg2 Bg7 5. Nge2 Nc6 6. O-O e5 7. d3 Nge7 8. f4 O-O 9. Be3 Rb8 10. Qd2 b5 11. fxe5 Nxe5 12. Bh6 b4 13. Nd1 Bxh6 14.
Qxh6 Bg4 15. Nf4 Kh8 16. Ne3 Ng8 17. Qh4 g5 18. Ng6+ fxg6 19. Rxf8 Qxf8 20. Qxg5 Qh6 21. Qxh6 Nxh6 22. Rf1 Kg7 0-1

[Event "*** Titled Tuesday Blitz"]
[Site "Chess.com"]
[Date "2019.07.02"]
[Round "4"]
[White "VovenRogel"]
[Black "Alex_Terzi"]
[Result "0-1"]
[WhiteElo "2667"]
[BlackElo "2466"]
[TimeControl "180+2"]
[EndTime "13:49:02 PDT"]
[Termination "Alex_Terzi won by resignation"]

1. Nf3 Nf6 2. d4 d5 3. c4 e6 4. g3 dxc4 5. Qa4+ Bd7 6. Qxc4 Bc6 7. Bg2 Be7 8. O-O O-O 9. Nc3 Nbd7 10. Rd1 a6 11. Bg5 h6 12. Bxf6 Nxf6 13. Rac1 Qb8 14. Ne5 Bxg2 15. Kxg2 c6 16. b4 Rd8 17. e4 Qd6 18. a3 a5 19. Nd3 b5 20. Qb3 a4 21. Qb1 Qxd4 22. Nc5 Qe5 23. f4 Qh5 24. Rxd8+ Rxd8 25. e5 Rd2+ 0-1

[Event "*** Titled Tuesday Blitz"]
[Site "Chess.com"]
[Date "2019.07.02"]
[Round "4"]
[White "MasterKroket"]
[Black "Daniela_Movileanu"]
[Result "0-1"]
[WhiteElo "2371"]
[BlackElo "2494"]
[TimeControl "180+2"]
[EndTime "13:49:03 PDT"]
[Termination "Daniela_Movileanu won by resignation"]

1. d4 d5 2. c4 e6 3. Nc3 c6 4. Nf3 Nf6 5. Bg5 Be7 6. e3 O-O 7. Rc1 Nbd7 8. Qc2 Re8 9. Bd3 Nf8 10. O-O h6 11. Bh4 Ng4 12. Bxe7 Qxe7 13. e4 dxe4 14. Nxe4 c5 15. h3 Nf6 16. Nxc5 b6 17. Ne4 Bb7 18. Nxf6+ Qxf6 19. Be4 Rab8 20. Rfd1 Red8 21.
Rd2 Qf4 22. Bxb7 Rxb7 23. Rcd1 Ng6 24. d5 exd5 25. Rxd5 Rxd5 26. cxd5 Rc7 27. Qe2 Kh7 28. d6 Rd7 29. Qb5 Rxd6 30. Rc1 Qxc1+ 0-1

[Event "*** Titled Tuesday Blitz"]
[Site "Chess.com"]
[Date "2019.07.02"]
[Round "4"]
[White "ChessQueen"]
[Black "severomorskij"]
[Result "0-1"]
[WhiteElo "2606"]
[BlackElo "2852"]
[TimeControl "180+2"]
[EndTime "13:49:08 PDT"]
[Termination "severomorskij won by resignation"]

1. e4 c5 2. c3 d5 3. exd5 Qxd5 4. d4 Nc6 5. Nf3 Bf5 6. Be3 Nf6 7. Na3 e6 8. Bc4 Qe4 9. O-O cxd4 10. Nb5 dxe3 11.
Nc7+ Ke7 12. Nxa8 exf2+ 13. Rxf2 Qxc4 14. Rd2 g6 15. Nd4 Bh6 16. Nxf5+ gxf5 0-1

[Event "*** Titled Tuesday Blitz"]
[Site "Chess.com"]
[Date "2019.07.02"]
[Round "4"]
[White "FairChess_on_YouTube"]
[Black "Last7Samurai"]
[Result "1-0"]
[WhiteElo "3047"]
[BlackElo "2777"]
[TimeControl "180+2"]
[EndTime "13:49:14 PDT"]
[Termination "FairChess_on_YouTube won by resignation"]

1. Nf3 d5 2. d4 Nf6 3. g3 g6 4.
Bg2 Bg7 5. O-O O-O 6. c3 c6 7. Nbd2 Nbd7 8. Re1 Re8 9. e4 dxe4 10. Nxe4 Nxe4 11.
Rxe4 e5 12. Bg5 Qc7 13. Qb3 h6 14. Bf4 Rd8 15. Rae1 exf4 16. Re7 Rf8 17. Rxf7 Nc5 18. Rxc7+ Nxb3 19. axb3 fxg3 20. hxg3 Bg4 21. Ne5 Bxe5 22. Rxe5 Rf7 23. Ree7 Rxe7 24. Rxe7 Rb8 25. b4 1-0

[Event "*** Titled Tuesday Blitz"]
[Site "Chess.com"]
[Date "2019.07.02"]
[Round "4"]
[White "MITerryble"]
[Black "Hikaru"]
[Result "1/2-1/2"]
[WhiteElo "2823"]
[BlackElo "3146"]
[TimeControl "180+2"]
[EndTime "13:49:18 PDT"]
[Termination "Game drawn by repetition"]

1. d4 e6 2. Nf3 f5 3. c4 Nf6 4. Nc3 Bb4 5. Qb3 a5 6. g3 b6 7. Bg2 Bb7 8. O-O O-O 9. Rd1 Bxc3 10. Qxc3 Be4 11. b3 d6 12. Bb2 Qe7 13. a3 Nbd7 14.
Bh3 h6 15. Nh4 Kh7 16. f3 g5 17. Ng2 Bb7 18. Ne3 h5 19. d5 g4 20. Bg2 Rae8 21.
Qc2 Kg8 22. dxe6 Qxe6 23. Nxf5 Qxe2 24. Rd2 Qe6 25. Nh6+ Kg7 26. Nf5+ Kg8 27. Nh6+ Kg7 28. Nf5+ Kg8 1/2-1/2

[Event "*** Titled Tuesday Blitz"]
[Site "Chess.com"]
[Date "2019.07.02"]
[Round "4"]
[White "Nastasia28"]
[Black "MikeSailer"]
[Result "0-1"]
[WhiteElo "1902"]
[BlackElo "2074"]
[TimeControl "180+2"]
[EndTime "13:49:29 PDT"]
[Termination "MikeSailer won by checkmate"]

1. d4 d5 2. c4 c6 3. Nc3 Nf6 4. Bf4 a6 5. e3 b5 6. cxd5 cxd5 7.
Nf3 Bg4 8. Be2 e6 9. h3 Bh5 10.
O-O Bd6 11. Bxd6 Qxd6 12. Ne5 Bxe2 13. Qxe2 O-O 14. Rac1 Nbd7 15. Nxd7 Qxd7 16. Rc2 Rfc8 17. Rfc1 h6 18. a4 b4 19. Nb1 b3 20. Rxc8+ Rxc8 21. Rc3 Ne4 22. Rxb3 Rc1+ 23. Kh2 Rxb1 24. Rb8+ Kh7 25.
Rb3 Qc7+ 26. g3 Qc1 27. Qf3 Qg1# 0-1

[Event "*** Titled Tuesday Blitz"]
[Site "Chess.com"]
[Date "2019.07.02"]
[Round "4"]
[White "marianokar"]
[Black "CarrotsandPizza"]
[Result "1-0"]
[WhiteElo "2455"]
[BlackElo "2253"]
[TimeControl "180+2"]
[EndTime "13:49:33 PDT"]
[Termination "marianokar won on time"]

1. c4 e5 2. g3 Nf6 3. Bg2 c6 4. Nf3 e4 5. Nd4 d5 6. cxd5 cxd5 7. O-O h6 8. d3 Be7 9. Nc3 exd3 10. Qxd3 O-O 11. Bf4 Nc6 12. Rfd1 Re8 13. Rac1 Qb6 14. Ndb5 Rd8 15. Bc7 Qa6 16. Bxd8 Bxd8 17. Nxd5 Nxd5 18.
Bxd5 Bh3 19. Nd6 1-0

[Event "*** Titled Tuesday Blitz"]
[Site "Chess.com"]
[Date "2019.07.02"]
[Round "4"]
[White "Ceejay271"]
[Black "akgod"]
[Result "1-0"]
[WhiteElo "2218"]
[BlackElo "2208"]
[TimeControl "180+2"]
[EndTime "13:49:37 PDT"]
[Termination "Ceejay271 won by resignation"]

1. d4 Nf6 2. Nf3 g6 3. Bg5 Bg7 4. Nbd2 d5 5. e3 O-O 6. Bd3 c5 7. c3 Nc6 8. O-O Nd7 9. Qb1 f6 10. Bh4 cxd4 11. exd4 Qc7 12. Bg3 e5 13. dxe5 fxe5 14.
c4 d4 15. b4 a5 16. b5 Nb4 17. Be4 Nc5 18. a3 Nxe4 19. Nxe4 Qxc4 20. axb4 Bf5 21.
Nfd2 Qxb5 22. bxa5 Rxa5 23. Rxa5 Qxa5 24. Qxb7 Bh6 25.
Qb3+ Kh8 26. Nc4 Qd5 27. Bxe5+ Kg8 28. Nf6+ Rxf6 29. Bxf6 Be6 30. Qb8+ Kf7 31. Nb6 1-0

[Event "*** Titled Tuesday Blitz"]
[Site "Chess.com"]
[Date "2019.07.02"]
[Round "4"]
[White "jacky72"]
[Black "TonRicher"]
[Result "1-0"]
[WhiteElo "2618"]
[BlackElo "2408"]
[TimeControl "180+2"]
[EndTime "13:49:45 PDT"]
[Termination "jacky72 won on time"]

1. d4 Nf6 2. c4 e6 3. Nf3 d5 4. Nc3 dxc4 5. e3 a6 6. Bxc4 b5 7. Bb3 Bb7 8. O-O Nbd7 9. e4 b4 10. e5 bxc3 11. exf6 Qxf6 12. bxc3 Bxf3 13. Qxf3 Qxf3 14.
gxf3 Bd6 15. c4 c5 16. d5 exd5 17. Re1+ Kd8 18. cxd5 Kc7 19. Bd2 a5 20. Bc3 a4 21.
Bc2 Nb6 22. Kf1 f6 23. Rad1 Rhe8 24. Re6 Re7 25. Bxh7 Rh8 26. Ba5 Rd7 27. Rb1 Rxh7 28. Rxb6 Be5 29. Rb5+ Kc8 30. Re8+ 1-0

[Event "*** Titled Tuesday Blitz"]
[Site "Chess.com"]
[Date "2019.07.02"]
[Round "4"]
[White "Maili15"]
[Black "1d4_1-0"]
[Result "0-1"]
[WhiteElo "2247"]
[BlackElo "2202"]
[TimeControl "180+2"]
[EndTime "13:49:45 PDT"]
[Termination "1d4_1-0 won by resignation"]

1. d4 e6 2. c4 Nf6 3. Nc3 Bb4 4. e3 O-O 5. Bd3 d5 6. Ne2 c5 7. a3 Bxc3+ 8. bxc3 Nc6 9. O-O b6 10. Bb2 Na5 11.
cxd5 exd5 12. Ng3 Bd7 13. Re1 cxd4 14. cxd4 Rc8 15. f3 Nc4 16. Bc1 Re8 17. e4 dxe4 18.
fxe4 Bg4 19. Be2 Bxe2 20. Rxe2 b5 21. Bg5 Qb6 22. Kh1 Rcd8 23. d5 h6 24. Bxf6 Qxf6 25. Nf5 Rxd5 26. Qe1 Rxf5 0-1

[Event "*** Titled Tuesday Blitz"]
[Site "Chess.com"]
[Date "2019.07.02"]
[Round "4"]
[White "Oleg_Papayan"]
[Black "mitrabhaa"]
[Result "1-0"]
[WhiteElo "2519"]
[BlackElo "2713"]
[TimeControl "180+2"]
[EndTime "13:49:48 PDT"]
[Termination "Oleg_Papayan won by resignation"]

1. e4 c6 2. d4 d5 3. Nc3 dxe4 4.
Nxe4 Nf6 5. Nxf6+ exf6 6. Bc4 Bd6 7. Ne2 O-O 8. O-O Re8 9. Ng3 Qc7 10. Be3 Nd7 11.
Bxf7+ Kxf7 12. Qh5+ Kf8 13. Qxh7 Nb6 14. Nh5 Rxe3 15.
Qh8+ Ke7 16. fxe3 Nd5 17. Qxg7+ Kd8 18. Qg8+ Ke7 19. e4 Ne3 20. Rxf6 Bg4 21. Rf7+ 1-0

[Event "*** Titled Tuesday Blitz"]
[Site "Chess.com"]
[Date "2019.07.02"]
[Round "4"]
[White "Caisachess"]
[Black "INLOVEWITHF"]
[Result "0-1"]
[WhiteElo "2367"]
[BlackElo "2380"]
[TimeControl "180+2"]
[EndTime "13:49:53 PDT"]
[Termination "INLOVEWITHF won by resignation"]

1. e4 c5 2. c3 d5 3. exd5 Qxd5 4.
d4 Nf6 5. Nf3 e6 6. Be3 Nc6 7. Bd3 Qd8 8. O-O Be7 9. dxc5 Nd5 10. Qe2 Nxe3 11. Qxe3 O-O 12. Nbd2 h6 13. Rad1 Bxc5 14.
Qxc5 Qxd3 15. Nc4 Qe4 16. Rfe1 Qf4 17. Nce5 Nxe5 18. Nxe5 b6 19. Qc6 Ba6 20. Rd4 Qf5 21. Qa4 Bb7 22. Rf4 Qh5 23. Qd7 Rad8 24. Qxb7 Qxe5 25. Rfe4 Qd5 26. Qxa7 Qxe4 0-1

[Event "*** Titled Tuesday Blitz"]
[Site "Chess.com"]
[Date "2019.07.02"]
[Round "4"]
[White "Kawhi_Leonard2"]
[Black "TregubovP"]
[Result "0-1"]
[WhiteElo "2308"]
[BlackElo "2516"]
[TimeControl "180+2"]
[EndTime "13:49:59 PDT"]
[Termination "TregubovP won by resignation"]

1. e4 c5 2. Nf3 e6 3. d4 cxd4 4. Nxd4 Nc6 5. Nc3 Nf6 6. Ndb5 Bb4 7. a3 Bxc3+ 8. Nxc3 d5 9. exd5 exd5 10. Bd3 O-O 11. O-O d4 12. Ne2 Bg4 13. Bg5 Qd6 14. Qd2 Rfe8 15. Bf4 Qd7 16. Ng3 Ne5 17. Rfe1 Nxd3 18. Qxd3 Qd5 19. h3 Bd7 20. Rad1 Bc6 21. f3 Rad8 22.
Nf5 Bb5 23. c4 Bxc4 24. Qxd4 Rxe1+ 25. Rxe1 Qxd4+ 26. Nxd4 Rxd4 0-1